 Dungeon Crawl Stone Soup version 0.25-a0-1137-g7f6bfe4 (webtiles) character file.

Game seed: 16378025846892095940, levelgen mode: deterministic

25 thirtiethelement the Skirmisher (level 2, 25/25 HPs)
             Began as a Demonspawn Abyssal Knight on May 23, 2020.
             Was a Follower of Lugonu.
             Quit the game on level 1 of the Dungeon.
             The game lasted 00:02:59 (675 turns).

thirtiethelement the Skirmisher (DsAK)               Turns: 675, Time: 00:03:00

Health: 25/25      AC:  4    Str: 10    XL:     2   Next: 82%
Magic:  3/3        EV: 11    Int: 13    God:    Lugonu [*.....]
Gold:   2434       SH:  0    Dex: 12    Spells: 1/1 levels left

rFire    + . .     SeeInvis .   a - +1 falchion
rCold    . . .     Gourm    .   (no shield)
rNeg     . . .     Faith    .   f - +0 robe (curse)
rPois    .         Spirit   .   (no helmet)
rElec    .         Reflect  .   (no cloak)
rCorr    .         Harm     .   (no gloves)
MR       .....                  (no boots)
Stlth    +.........             (no amulet)
HPRegen  0.08/turn              (no ring)
MPRegen  0.08/turn              (no ring)

@: no status effects
A: molten scales 1, deterioration 1, fire resistance 1, low mp 1, weak 1
a: Depart the Abyss, Renounce Religion


You were on level 1 of the Dungeon.
You worshipped Lugonu.
Lugonu was aware of your devotion.
You were not hungry.

You visited 1 branch of the dungeon, and saw 1 of its levels.
You visited the Abyss 1 time.

You collected 2434 gold pieces.

Inventory:

Hand Weapons
 a - a +1 falchion (weapon)
Armour
 b - a +0 leather armour
 d - a +0 ring mail
 f - a cursed +0 robe (worn)
Comestibles
 c - a ration


   Skills:
 + Level 3.8 Fighting
 + Level 1.9 Long Blades
 + Level 2.0 Armour
 + Level 1.0 Dodging
 + Level 2.5 Invocations


You had one spell level left.
You didn't know any spells.
Your spell library was empty.

Dungeon Overview and Level Annotations

Branches:
Dungeon (1/15)

Altars:


Innate Abilities, Weirdness & Mutations

You are partially covered in molten scales. (AC +2)
Your body sometimes deteriorates upon taking damage.
Your flesh is heat resistant. (rF+)
Your magical capacity is low. (-10% MP)
You are weak. (Str -2)


Message History

The goblin shouts!
The goblin hits you but does no damage.
You closely miss the goblin. The goblin hits you but does no damage.
You barely miss the goblin. The goblin barely misses you.
You hit the goblin but do no damage. The goblin barely misses you.
You riposte.
You hit the goblin.
You kill the goblin!
Lugonu accepts your kill.
Things that are here:
a +0 club; a goblin corpse
g - a scroll labeled NEYSOULL DEORPHYS
As you read the scroll labeled NEYSOULL DEORPHYS, it crumbles to dust.
It is a scroll of identify.
e - a potion of mutation Really quaff the potion of mutation?
You feel extremely strange.
You feel yourself wasting away.
You feel weaker.
You feel less energetic.
You feel resistant to heat.
Unknown command.
Are you sure you want to abandon this character and quit the game? (Confirm with "yes".)

### ..# #.# #.#
#.# #.# #.# #@#
#.# #.# #.# #.#
###############.#
#.....).........#
#.###############
#.#


There were no monsters in sight!

Vanquished Creatures
  A gnoll (D:1)
  2 bats (D:1)
  A goblin (D:1)
  A hobgoblin (D:1)
  4 jackals (D:1)
  A frilled lizard (D:1)
  4 rats (D:1)
14 creatures vanquished.

Notes
Turn   | Place    | Note
-------+----------+-------------------------------------------
     0 | Abyss:1  | thirtiethelement the Demonspawn Abyssal Knight began the
                  | quest for the Orb.
     0 | Abyss:1  | Reached XP level 1. HP: 18/18 MP: 2/2
    32 | Abyss:2  | Noticed a hellwing
    32 | Abyss:2  | Noticed a harpy
    33 | Abyss:2  | Noticed a dire elephant skeleton
    36 | Abyss:2  | Noticed a neqoxec
    36 | D:1      | Escaped the Abyss
    37 | D:1      | Identified a scroll of acquirement
   284 | D:1      | Reached * piety under Lugonu
   296 | D:1      | Reached skill level 1 in Dodging
   296 | D:1      | Gained mutation: You are partially covered in molten
                  | scales. (AC +2) [demonic ancestry]
   296 | D:1      | Reached XP level 2. HP: 13/24 MP: 3/3
   661 | D:1      | Gained mutation: Your body sometimes deteriorates upon
                  | taking damage. [potion of mutation]
   661 | D:1      | Gained mutation: You are weak. (Str -2) [potion of
                  | mutation]
   661 | D:1      | Gained mutation: Your magical capacity is low. (-10% MP)
                  | [potion of mutation]
   661 | D:1      | Gained mutation: Your flesh is heat resistant. (rF+)
                  | [potion of mutation]
   675 | D:1      | Quit the game

Illustrated notes

Levels and vault maps discovered:
D:1:      lightli_arrival_statuegarden, layout_loops_ring, glass_columns_a

Skill      XL: |  1 |
---------------+----+-----
Armour         | 2 |  2.0
Dodging        | 1 |  1.0
Fighting       | |  3.8
Long Blades    | |  1.9
Invocations    | |  2.5

Action                   || total
-------------------------++-------
Melee: Falchion          ||    36
Invok: Depart the Abyss  ||     1
  Use: Scroll            ||     2
       Potion            ||     1
Armor: Leather armour    ||    17
       Robe              ||     1
Dodge: Dodged            ||    38
       Rpst.: Falchion   ||    10

Table legend:
 A = Non-vault XP
 B = Vault XP
 C = Vault XP percentage of total XP
 D = Non-vault monster count
 E = Vault monster count
 F = Vault count percentage of total count
                 A         B        C        D         E       F
            +---------+---------+-------+---------+---------+-------
      Total |      36 |       0 |   0.0 |      14 |       0 |   0.0
            +---------+---------+-------+---------+---------+-------
        D:1 |      36 |       0 |   0.0 |      14 |       0 |   0.0
            +---------+---------+-------+---------+---------+-------
